 Dungeon Crawl Stone Soup version 0.17-a0-744-gaa96792 (webtiles) character file.

1676 xeno23 the Chiller (level 9, -2/91 HPs)
             Began as a Merfolk Ice Elementalist on Apr 21, 2015.
             Was an Initiate of Vehumet.
             Killed by divine providence
             ... invoked by an orc priest
              (14 damage)
             ... on level 8 of the Dungeon on Apr 22, 2015.
             The game lasted 00:49:09 (8190 turns).

xeno23 the Chiller (Merfolk Ice Elementalist)       Turns: 8190, Time: 00:49:09

Health: -2/91      AC: 31    Str:  9    XL:     9   Next: 1%
Magic:  1/15       EV:  2    Int: 17    God:    Vehumet [......]
Gold:   434        SH:  0    Dex: 14    Spells: 3 memorised, 8 levels left

rFire  . . .     SeeInvis .     k - staff of summoning (curse)
rCold  . . .     Clarity  .     (armour currently unavailable)
rNeg   + + +     SustAb   .     (no shield)
rPois  +         Gourm    .     (helmet currently unavailable)
rElec  .         Spirit   .     (cloak currently unavailable)
rCorr  .         Warding  +     (gloves currently unavailable)
rMut   .         NoTele   +     (boots currently unavailable)
MR     .....                    r - amulet of warding
Stlth  +++.......               y - +3 ring of evasion
                                (no ring)

@: icy armour, tree-form, very slightly contaminated, not resistant to hostile
enchantments, fairly stealthy
A: (change form in water), (swift swim)
a: Renounce Religion


You were on level 8 of the Dungeon.
You worshipped Vehumet.
Vehumet was noncommittal.
You were hungry.
You were a tree.
You visited 2 branches of the dungeon, and saw 8 of its levels.

You collected 434 gold pieces.

Inventory:

Hand weapons
 j - a +0 hunting sling
 t - a +4 spear of venom
Missiles
 a - 14 poisoned sling bullets
 i - 15 poisoned needles
 m - 20 sling bullets (quivered)
Armour
 p - a +1 robe of magic resistance (melded)
 s - a +0 pair of gloves (melded)
 u - a +0 cloak (melded)
Magical staves
 k - a cursed staff of summoning (weapon)
Jewellery
 r - an amulet of warding (around neck)
 y - a +3 ring of evasion (right branch)
Scrolls
 e - a scroll of magic mapping
 q - a scroll of fog
Potions
 d - 2 potions of mutation
 h - a potion of agility
 l - a potion of brilliance
 v - a potion of might
 x - a potion of flight
Books
 b - a book of Frost

   Spells                             Type                      Level
   a - Freeze                         Ice                          1
   b - Throw Frost                    Conjuration/Ice              2
   c - Ozocubu's Armour               Charms/Ice                   3
   d - Throw Icicle                   Conjuration/Ice              4
   e - Summon Ice Beast               Ice/Summoning                4
   f - Condensation Shield            Ice                          4
Comestibles
 c - 3 bread rations
 f - 2 meat rations
 g - 27 fruits
 o - 2 chunks of flesh
 w - a slice of pizza


   Skills:
 - Level 1.8 Fighting
 + Level 4.9 Polearms
 - Level 4.6 Dodging
 - Level 2.9 Stealth
 + Level 4.1 Spellcasting
   Level 0.7 Conjurations
 * Level 3.4 Charms
 + Level 6.0 Summonings
 * Level 6.8 Ice Magic


You had 8 spell levels left.
You knew the following spells:

 Your Spells              Type           Power        Failure   Level  Hunger
a - Freeze                Ice            ####         1%          1    None
c - Summon Ice Beast      Ice/Summ       #####...     14%         4    ####...
x - Ozocubu's Armour      Chrm/Ice       ###.....     8%          3    ###....


Dungeon Overview and Level Annotations

Branches:
Dungeon (8/15)             Temple (1/1) D:6
   Lair: D:8-11

Altars:
Ashenzari
Cheibriados
Dithmenos
Elyvilon
Fedhas
Gozag
Kikubaaqudgha
Makhleb
Nemelex Xobeh
Okawaru
Qazlal
Ru
Sif Muna
Trog
Vehumet
Xom
Yredelemnul
Zin

Shops:
D:4 [


Message History

Your ice beast completely misses the big kobold.
You barely miss the big kobold.
The big kobold is heavily wounded.
The big kobold hits you but does no damage.
Your ice beast hits the big kobold but does no damage.
The orc priest calls down the wrath of Beogh upon you.
Something smites you!
* * * LOW HITPOINT WARNING * * *
The big kobold hits you but does no damage.
You take 11 damage.
You hit the orc priest but do no damage.
The orc priest is lightly wounded.
Your ice beast misses the big kobold.
The orc priest barely misses you.
The big kobold hits you but does no damage.
You hit the orc priest but do no damage.
The orc priest is lightly wounded.
Your ice beast closely misses the big kobold.
The orc priest calls down the wrath of Beogh upon you.
Something smites you!
You die...

...##...### #............#
...##.....# #............#
...##.....# #............#
...##.....#####............#
...##........##............#
...#....####.^.............#
...#....# #..P......P.....#
#..#....# #.....Y)........#
...#....# #....♣K......####
..##....# ##.#.#o'#.#.## ..#
....# #####..##### ..# .
...# ..# ...+ ...# ####


You could see a big kobold, an orc priest and a friendly ice beast.

Vanquished Creatures
  Grinder (D:4)
  A sky beast (D:8)
  An ogre (D:8)
  3 big kobolds (D:3)
  A scorpion (D:4)
  A quasit (D:6)
  An orc priest (D:4)
  A crimson imp (D:5)
  A jelly (D:3)
  A giant frog zombie (D:4)
  A hound (D:3)
  7 worker ants
  An iguana (D:4)
  11 gnolls (D:3)
  5 adders
  2 oozes (D:2)
  7 worms
  2 orcs
  13 bats
  A bat skeleton (D:5)
  5 giant cockroaches
  43 goblins
  26 hobgoblins
  19 kobolds
  3 quokkas
  A ball python (D:3)
  3 giant geckos
  3 giant newts
  3 jackals
  7 rats
175 creatures vanquished.

Vanquished Creatures (collateral kills)
  A black bear (D:6)
  A phantom (D:4)
  2 ogres
  3 centaurs
  Blork the orc (D:4)
  An orc priest (D:4)
  An orc wizard (D:4)
  A hound (D:4)
  2 worker ants
  A hound skeleton (D:4)
  An adder (D:4)
  3 gnolls (D:4)
  A shadow imp (D:6)
  A worm (D:4)
  11 orcs
  A giant cockroach (D:8)
  2 kobolds (D:4)
  2 rats (D:4)
36 creatures vanquished.

Vanquished Creatures (others)
  4 ice beasts
  A jackal (D:3)
5 creatures vanquished.

Grand Total: 216 creatures vanquished

Notes
Turn   | Place    | Note
--------------------------------------------------------------
     0 | D:1      | xeno23, the Merfolk Ice Elementalist, began the quest for the Orb.
     0 | D:1      | Reached XP level 1. HP: 13/13 MP: 3/3
   240 | D:1      | Reached XP level 2. HP: 14/19 MP: 1/5
   901 | D:2      | Reached XP level 3. HP: 7/24 MP: 0/6
  1235 | D:2      | Found a snail-covered altar of Cheibriados.
  1426 | D:2      | Reached skill level 4 in Ice Magic
  1731 | D:2      | Reached XP level 4. HP: 10/30 MP: 0/7
  1739 | D:2      | Learned a level 4 spell: Summon Ice Beast
  2901 | D:3      | Reached skill level 1 in Summonings
  2904 | D:3      | Reached XP level 5. HP: 23/35 MP: 2/8
  3237 | D:3      | Learned a level 3 spell: Ozocubu's Armour
  3846 | D:3      | Noticed a big kobold
  3846 | D:3      | Noticed a big kobold
  3847 | D:3      | Reached XP level 6. HP: 24/42 MP: 2/10
  4143 | D:3      | Killed a big kobold
  4143 | D:3      | Reached skill level 1 in Fighting
  4143 | D:3      | Reached skill level 1 in Polearms
  4143 | D:3      | Reached skill level 5 in Ice Magic
  4216 | D:3      | Killed a big kobold
  4228 | D:3      | Reached skill level 1 in Charms
  4507 | D:3      | Reached XP level 7. HP: 44/48 MP: 11/11
  4832 | D:4      | Found Lase's Antique Armour Boutique.
  4852 | D:4      | Noticed Grinder
  5029 | D:4      | Noticed Blork the orc
  5387 | D:4      | Killed Blork the orc
  5656 | D:4      | Killed Grinder
  5656 | D:4      | Reached skill level 5 in Summonings
  5656 | D:4      | Reached XP level 8. HP: 50/56 MP: 1/13
  6223 | D:4      | Found an opulent altar of Gozag.
  6417 | D:5      | Entered Level 5 of the Dungeon
  6531 | D:5      | Found a blossoming altar of Fedhas.
  6664 | D:5      | Reached skill level 6 in Ice Magic
  7369 | D:6      | Found a blossoming altar of Fedhas.
  7369 | D:6      | Found a sparkling altar of Nemelex Xobeh.
  7369 | D:6      | Found a radiant altar of Vehumet.
  7372 | D:6      | Found a shattered altar of Ashenzari.
  7379 | D:6      | Became a worshipper of Vehumet
  7389 | D:6      | Found a staircase to the Ecumenical Temple.
  7423 | Temple   | Entered the Ecumenical Temple
  7594 | D:6      | You fall through a shaft for 2 floors!
  7958 | D:8      | Reached XP level 9. HP: 53/61 MP: 5/15
  8190 | D:8      | Killed from afar by an orc priest

Action                   |  1- 3 |  4- 6 |  7- 9 || total
-------------------------+-------+-------+-------++-------
Melee: Unarmed           |    93 |     1 |       ||    94
       Mace              |       |    27 |       ||    27
       Spear             |       |   105 |    69 ||   174
       Staff             |       |       |   168 ||   168
 Cast: Freeze            |    65 |    63 |    46 ||   174
       Ozocubu's Armour  |       |     6 |    14 ||    20
       Summon Ice Beast  |       |       |    32 ||    32
  Use: Scroll            |     3 |     6 |     6 ||    15
       Potion            |     2 |       |     1 ||     3
 Stab: Sleeping          |     1 |     2 |     5 ||     8
       Distracted        |       |     1 |     3 ||     4
  Eat: Chunk             |     2 |    10 |    17 ||    29
       Pizza             |       |     1 |       ||     1
       Beef jerky        |       |       |     1 ||     1
       Royal jelly       |       |       |     1 ||     1
